 Dungeon Crawl Stone Soup version 0.31-a0-981-geadf994542 (webtiles) character file.

Game seed: 17962808032820555991

39 porpoise the Vexing (level 3, -5/24 HPs)
             Began as a Demonspawn Enchanter on Nov 1, 2023.
             Killed from afar by Ijyb (12 damage)
             ... with a bolt of dispelling energy
             ... on level 3 of the Dungeon.
             The game lasted 00:06:08 (1611 turns).

porpoise the Vexing (Demonspawn Enchanter)          Turns: 1611, Time: 00:06:09

Health: -5/24      AC:  2    Str:  8    XL:     3   Next: 28%
Magic:  4/6        EV: 12    Int: 18    God:
Gold:   163        SH:  0    Dex: 13    Spells: 2/7 levels left

rFire   . . .        a - +1 dagger
rCold   + . .        (no shield)
rNeg    . . .        b - +0 robe
rPois   .            (no helmet)
rElec   .            (no cloak)
rCorr   .            (no gloves)
SInv    .            (no boots)
Will    .....        (no amulet)
Stlth   ++           f - ring of protection from cold
HPRegen 0.24/turn    (no ring)
MPRegen 0.10/turn

%: no passive effects
@: no status effects
A: ignite blood 2
a: no special abilities


You were on level 3 of the Dungeon.
You visited 1 branch of the dungeon, and saw 3 of its levels.

You collected 163 gold pieces.

Inventory:

Hand Weapons
 a - a +1 dagger (weapon)
Armour
 b - a +0 robe (worn)
Jewellery
 f - a ring of protection from cold (left hand)
 h - a ring of protection from cold
 j - an amulet of magic regeneration
Scrolls
 g - a scroll of vulnerability {unknown}
 k - a scroll of poison {unknown}
Potions
 c - 2 potions of invisibility
 d - a potion of attraction
 e - a potion of haste
 i - 2 potions of curing
 l - a potion of berserk rage {unknown}
 m - 2 potions of brilliance {unknown}


   Skills:
 + Level 1.8 Short Blades
 - Level 1.7 Dodging
 - Level 2.6 Stealth
 - Level 2.5 Spellcasting
 + Level 3.4 Hexes
 + Level 0.2 Ice Magic


You had 2 spell levels left.
You knew the following spells:

 Your Spells              Type           Power      Damage    Failure   Level
a - Confusing Touch       Hex            14%        N/A       12%         3
e - Ensorcelled Hibernat  Hex/Ice        18%        N/A       12%         2

Your spell library contained the following spells:

 Spells                   Type           Power      Damage    Failure   Level
 Tukima's Dance           Hex            14%        N/A       12%         3
 Dazzling Flash           Conj/Hex       16%        N/A       26%         3
 Call Canine Familiar     Summ           2%         N/A       45%         3
 Ignite Poison            Fire/Tmut/Pois 2%         N/A       45%         3
 Animate Armour           Summ/Erth      4%         N/A       86%         4
 Sticky Flame             Conj/Fire      2%         2d3       86%         4
 Dispersal                Tloc           1%         N/A       100%        6
 Haunt                    Necr/Summ      1%         N/A       100%        7
 Ignition                 Fire           1%         3d3       100%        8


Dungeon Overview and Level Annotations

Branches:
Dungeon (3/15)

Altars:

Annotations:
D:3 Ijyb


Innate Abilities, Weirdness & Mutations

Your demonic aura often causes spilled blood to erupt in flames.


Message History

You puncture Ijyb!
Ijyb is moderately wounded.
You hit Ijyb but do no damage.
Ijyb is moderately wounded.
Ijyb is engulfed in blazing flames.
Ijyb hits you with a +0 dagger.
The goblin is engulfed in blazing flames.
You kill the goblin!
You hit Ijyb but do no damage.
Ijyb is severely wounded.
The rat enters a dispersal trap!
You blink.
Found 12 gold pieces.
Ijyb is engulfed in blazing flames.
You aren't carrying any items that you can evoke.
Unknown command.
No other quiver actions available for cycling.
No other quiver actions available for cycling.
Unknown command.
Unknown command.
Cast which spell? (? or * to list)
Aiming: Ensorcelled Hibernation (safe; 12% risk of failure)
Press: ? - help, Shift-Dir - straight line, f - Ijyb
Aim: Ijyb, wielding a +0 dagger, wearing a +0 scale mail and carrying a wand of quicksilver (severely wounded, chance to affect: 51%) Ijyb looks drowsy...
The rat completely misses you.
Ijyb shouts!
The rat closely misses you. Ijyb hits you with a +0 dagger.
You hit Ijyb but do no damage.
Ijyb is severely wounded.
The rat bites you but does no damage.
Ijyb zaps a wand.
The bolt of dispelling energy hits you!
Ouch! That really hurt!
You hit Ijyb but do no damage.
Ijyb is severely wounded.
The rat closely misses you. Ijyb hits you with a +0 dagger.
* * * LOW HITPOINT WARNING * * *
You barely miss Ijyb.
Ijyb is severely wounded.
Ijyb barely misses you. The rat barely misses you.
Ijyb zaps a wand.
The bolt of dispelling energy hits you!
Ouch! That really hurt!
You die...

..# ..# ..# ##.
..# ...#######..#
# ............#.#
.............#
#####...r..(####
.......@☼.....^.#
#####....g..###.#
##....#.....
#....#.$##.
#<).##.... #...#
..... #...# ....
...... .......


You could see Ijyb and a rat.

Vanquished Creatures
  4 endoplasms
  3 giant cockroaches
  5 goblins
  3 jackals (D:1)
  A quokka (D:1)
  6 ball pythons
  6 bats
  2 frilled lizards
  2 kobolds
  3 rats (D:1)
35 creatures vanquished.

Notes
Turn   | Place    | Note
-------+----------+-------------------------------------------
     0 | D:1      | porpoise the Demonspawn Enchanter began the quest for the
                  | Orb.
     0 | D:1      | Reached XP level 1. HP: 13/13 MP: 3/3
    34 | D:1      | Reached skill level 1 in Short Blades
   103 | D:1      | Got the Vellum of Geometric Summoning
   161 | D:1      | Found a faded altar of an unknown god.
   162 | D:1      | Noticed a great orb of eyes
   164 | D:1      | Noticed a golden eye
   164 | D:1      | Noticed a great orb of eyes
   164 | D:1      | Noticed a great orb of eyes
   226 | D:1      | Gained mutation: Your demonic aura sometimes causes spilled
                  | blood to erupt in flames. [demonic ancestry]
   226 | D:1      | Reached XP level 2. HP: 12/19 MP: 5/5
   817 | D:2      | Gained mutation: Your demonic aura often causes spilled
                  | blood to erupt in flames. [demonic ancestry]
   817 | D:2      | Reached XP level 3. HP: 24/24 MP: 6/6
   820 | D:2      | Learned a level 2 spell: Ensorcelled Hibernation
   824 | D:2      | Learned a level 3 spell: Confusing Touch
  1597 | D:3      | Noticed Ijyb
  1611 | D:3      | Killed from afar by Ijyb

Illustrated notes

Levels and vault maps discovered:
D:1:      dpeg_arrival_subterranean_lakeside_camping, layout_basic,
          hellmonk_ecumenical_altar_watching_god, serial_bayou_lagoon_b
D:2:      layout_loops_ring, dk_vineyard_2
D:3:      layout_loops_ring, due_unseen_surprise, uniq_terence, uniq_grinder,
          uniq_ijyb

Skill      XL: |  1 |
---------------+----+-----
Short Blades   | 1 |  1.8
Dodging        | |  1.7
Stealth        | |  2.6
Spellcasting   | |  2.5
Hexes          | |  3.4
Ice Magic      | |  0.2

Action                     || total
---------------------------++-------
  Melee: Dagger            ||   107
         Punch             ||     1
   Cast: Ensorcelled Hiber ||     1
    Use: Scroll            ||     3
   Stab: Sleeping          ||     8
         Distracted        ||     1
 Armour: Robe              ||    54
  Dodge: Dodged            ||    64

Table legend: (Time is in decaauts)
 A = Elapsed time spent in this place.
 B = Non-inter-level travel time spent in this place.
 C = Inter-level travel time spent in this place.
 D = Time resting spent in this place.
 E = Time spent auto-exploring this place.
 F = Levels seen in this place.
 G = Mean time per level.
                   A        B        C        D        E       F      G
               +--------+--------+--------+--------+--------+-----+--------+
         Total |   1606 |   1552 |     54 |     99 |   1117 |   3 |  535.3 |
       Dungeon |   1606 |   1552 |     54 |     99 |   1117 |   3 |  535.3 |
               +--------+--------+--------+--------+--------+-----+--------+

Top non-repeatable levels by time:
     D:2: 825 daAuts
     D:1: 767 daAuts
     D:3: 13 daAuts
